 Dungeon Crawl Stone Soup version 0.30-a0-210-g01b79a254e (webtiles) character file.

Game seed: 6268678825445791746

119 bande the Covered (level 5, -19/33 HPs)
             Began as a Gargoyle Fighter on Oct 4, 2022.
             Demolished by an ogre
             ... wielding a +0 giant club
              (26 damage)
             ... on level 4 of the Dungeon.
             The game lasted 00:05:36 (2365 turns).

bande the Covered (Gargoyle Fighter)                Turns: 2365, Time: 00:05:37

Health: -19/33     AC: 13    Str: 25    XL:     5   Next: 3%
Magic:  5/5        EV:  9    Int: 15    God:
Gold:   23         SH:  4    Dex: 11    Spells: 4/4 levels left

rFire   . . .      SeeInvis .    a - +1 war axe
rCold   . . .      Faith    .    c - +0 buckler
rNeg    + . .      Spirit   .    b - +0 scale mail
rPois   ∞          Reflect  .    (no helmet)
rElec   +          Harm     .    (no cloak)
rCorr   .          Rampage  .    (no gloves)
Will    .....                    y - +1 pair of boots
Stlth   ..........               (no amulet)
HPRegen 0.25/turn                q - +6 ring of strength
MPRegen 0.09/turn                w - +6 ring of intelligence

@: no status effects
A: sickness immunity, AC +4, negative energy resistance 1, electricity
resistance, torment resistance 1, petrification resistance
a: no special abilities


You were on level 4 of the Dungeon.
You visited 1 branch of the dungeon, and saw 4 of its levels.

You collected 47 gold pieces.
You spent 24 gold pieces at shops.

Inventory:

Hand Weapons
 a - a +1 war axe (weapon)
 o - a +0 flail
Armour
 b - a +0 scale mail (worn)
 c - a +0 buckler (worn)
 y - a +1 pair of boots (worn)
Jewellery
 i - the amulet of Elemental Vulnerability {rPois rF-- rC-- AC+8}
   (You found it on level 3 of the Dungeon)

   [amulet of nothing]

   AC:        It affects your AC (+8).
   rF:        It makes you very vulnerable to fire.
   rC:        It makes you very vulnerable to cold.
   rPois:     It protects you from poison.
 p - a ring of wizardry
 q - a +6 ring of strength (left hand)
 w - a +6 ring of intelligence (right hand)
Wands
 h - a wand of iceblast (9)
Scrolls
 e - 2 scrolls of teleportation
 k - 5 scrolls of magic mapping
 l - a scroll of enchant armour
Potions
 d - 2 potions of might
 f - a potion of heal wounds
 g - a potion of haste
 j - a potion of curing
 m - a potion of attraction {unknown}
 n - a potion of lignification
 s - a potion of resistance {unknown}
 t - a potion of mutation {unknown}
 u - 2 potions of brilliance
 A - a potion of cancellation {unknown}


   Skills:
 + Level 4.0 Fighting
 + Level 3.1 Axes
 + Level 4.0 Armour
 + Level 3.9 Shields
 * Level 0.2 Evocations


You had 4 spell levels left.
You didn't know any spells.
Your spell library contained the following spells:

 Spells                   Type           Power      Damage    Failure   Level
 Sandblast                Erth           0%         2d4       63%         1
 Sting                    Tmut/Pois      0%         1d3       63%         1
 Ensorcelled Hibernation  Hex/Ice        0%         N/A       77%         2
 Passwall                 Tmut/Erth      0%         N/A       77%         2
 Poisonous Vapours        Pois/Air       0%         N/A       77%         2
 Spider Form              Tmut/Pois      0%         N/A       94%         3
 Stone Arrow              Conj/Erth      0%         3d7       94%         3
 Anguish                  Hex/Necr       0%         N/A       100%        4
 Olgreb's Toxic Radiance  Pois           0%         N/A       100%        4


Dungeon Overview and Level Annotations

Branches:
Dungeon (4/15)
 Temple: D:4-7

Altars:

Shops:
D:2 ![


Innate Abilities, Weirdness & Mutations

You are immune to sickness and miasma.
Your stone body is resilient. (AC +4)
You are immune to poison.
You resist negative energy. (rN+)
You are resistant to electric shocks. (rElec)
You are resistant to unholy torment.
You are immune to petrification.


Message History

As you read the scroll labelled ESHRUV UTUEMN, it crumbles to dust.
It is a scroll of enchant weapon.
Your +0 war axe glows red for a moment.
You open the door.
There is an open door here.
Done exploring.
Done exploring.
There is a stone staircase leading down here.
You climb downwards.
The ufetubus shouts!
The ogre shouts!
There is a stone staircase leading up here.
You slash the ogre!
The ogre is moderately wounded.
You block the ogre's attack.
You barely miss the ogre.
The ogre is moderately wounded.
The ufetubus hits you but does no damage.
The ufetubus misses you.
The ogre hits you with a +0 giant club!!
Ouch! That really hurt!
You barely miss the ogre.
The ogre is moderately wounded.
You miss the ufetubus.
The ufetubus hits you but does no damage. x2
The ufetubus hits you.
* * * LOW HITPOINT WARNING * * *
The ufetubus barely misses you.
You slash the ogre!
The ogre is severely wounded.
You miss the ufetubus. The ogre hits you but does no damage.
The ufetubus barely misses you.
The ufetubus hits you but does no damage.
The ufetubus barely misses you. You block the ufetubus's attack.
You barely miss the ogre.
The ogre is severely wounded.
You hit the ufetubus. You block the ufetubus's attack. The ufetubus hits you.
* * * LOW HITPOINT WARNING * * *
The ogre hits you with a +0 giant club!!
Ouch! That really hurt!
You die...

..... ...#
.....# ...#
...... ....#
.....##+##....
..........
#......#####
#.5O........
#.@<..#
#.....#
#......#
..#.....#
...+.....#
....##.....#
.... #.....#
.... #.....#


You could see an ogre and an ufetubus.

Vanquished Creatures
  3 gnolls (D:2)
  3 adders (D:2)
  A worm (D:3)
  An orc (D:3)
  9 endoplasms
  2 giant cockroaches
  3 goblins (D:2)
  7 hobgoblins
  2 jackals (D:3)
  7 kobolds
  4 quokkas
  5 ball pythons
  5 bats
  2 frilled lizards
  4 rats (D:1)
58 creatures vanquished.

Vanquished Creatures (others)
  A fungus (D:1)
  3 plants (D:2)
4 creatures vanquished.

Grand Total: 62 creatures vanquished

Notes
Turn   | Place    | Note
-------+----------+-------------------------------------------
     0 | D:1      | bande the Gargoyle Fighter began the quest for the Orb.
     0 | D:1      | Reached XP level 1. HP: 14/14 MP: 1/1
   321 | D:1      | Reached XP level 2. HP: 19/19 MP: 2/2
   664 | D:1      | Found a faded altar of an unknown god.
   827 | D:2      | Reached XP level 3. HP: 21/24 MP: 3/3
   997 | D:2      | Reached XP level 4. HP: 25/29 MP: 4/4
  1030 | D:2      | Found Xaynes's Distillery.
  1046 | D:2      | Bought 2 potions of degeneration for 24 gold pieces
  1112 | D:2      | Found Vopn's Antique Armour Shoppe.
  1906 | D:3      | Found the amulet of Elemental Vulnerability {rPois rF--
                  | rC-- AC+8}
  2208 | D:3      | Reached XP level 5. HP: 33/33 MP: 5/5
  2359 | D:4      | Noticed an ogre
  2365 | D:4      | Demolished by an ogre

Illustrated notes

Levels and vault maps discovered:
D:1:      dpeg_arrival_prison, layout_loops_ring, ebering_ecumenical_altar_rust
D:2:      layout_rooms, serial_shops, shop, shop, nicolae_grassy_gnolls
D:3:      layout_basic, item_on_display_a
D:4:      layout_basic

Skill      XL: |  1  2  3  4 |
---------------+-------------+-----
Axes           | 2 3 |  3.1
Armour         | 4 |  4.0
Fighting       | 4 |  4.0
Shields        | |  3.9
Evocations     | |  0.2

Action                   |  1- 3 |  4- 6 || total
-------------------------+-------+-------++-------
Melee: War axe           |    66 |    77 ||   143
  Use: Scroll            |       |    17 ||    17
Armor: Scale mail        |    46 |    35 ||    81
Dodge: Dodged            |    40 |    34 ||    74
Block: Buckler           |    24 |    20 ||    44

Table legend: (Time is in decaauts)
 A = Elapsed time spent in this place.
 B = Non-inter-level travel time spent in this place.
 C = Inter-level travel time spent in this place.
 D = Time resting spent in this place.
 E = Time spent auto-exploring this place.
 F = Levels seen in this place.
 G = Mean time per level.
                   A        B        C        D        E       F      G
               +--------+--------+--------+--------+--------+-----+--------+
         Total |   2423 |   2409 |     14 |    442 |   1422 |   4 |  605.8 |
       Dungeon |   2423 |   2409 |     14 |    442 |   1422 |   4 |  605.8 |
               +--------+--------+--------+--------+--------+-----+--------+

Top non-repeatable levels by time:
     D:1: 976 daAuts
     D:3: 912 daAuts
     D:2: 527 daAuts
     D:4: 6 daAuts
